 Dungeon Crawl Stone Soup version 0.29-a0-520-gc852659 (webtiles) character file.

Game seed: 7752749019612087735

39 lyrin the Skirmisher (level 3, -7/29 HPs)
             Began as a Demonspawn Berserker on May 31, 2022.
             Was a Believer of Trog.
             Splashed by a jelly's acid (9 damage)
             ... on level 1 of the Dungeon.
             The game lasted 00:02:00 (1608 turns).

lyrin the Skirmisher (Demonspawn Berserker)         Turns: 1608, Time: 00:02:02

Health: -7/29      AC:  2    Str: 19    XL:     3   Next: 28%
Magic:  3/3        EV: 11    Int:  8    God:    Trog [**....]
Gold:   90         SH:  4    Dex: 12    Spells: 2/2 levels left

rFire   . . .      SeeInvis .   a - +0 hand axe
rCold   . . .      Faith    .   (no shield)
rNeg    . . .      Spirit   .   i - quicksilver dragon scales
rPois   .          Reflect  .   (no helmet)
rElec   .          Harm     .   j - +0 cloak
rCorr   .          Rampage  .   (no gloves)
Will    +....                   (no boots)
Stlth   +.........              (no amulet)
HPRegen 0.09/turn               (no ring)
MPRegen 0.08/turn               (no ring)

@: corroded
A: condensation shield
a: Renounce Religion, Berserk, Trog's Hand


You were on level 1 of the Dungeon.
You worshipped Trog.
Trog was pleased with you.
You visited 1 branch of the dungeon, and saw 2 of its levels.

You collected 90 gold pieces.

Inventory:

Hand Weapons
 a - a +0 hand axe (weapon)
Armour
 i - quicksilver dragon scales (worn)
 j - a +0 cloak (worn)
Scrolls
 b - a scroll of torment {unknown}
 d - a scroll of enchant armour {unknown}
 e - a scroll of enchant weapon {unknown}
 g - a scroll of identify {unknown}
 k - a scroll of poison {unknown}
Potions
 c - 3 potions of curing {unknown}
 f - a potion of cancellation {unknown}
 h - a potion of degeneration {unknown}


   Skills:
 + Level 3.3 Fighting
 + Level 3.3 Axes
 + Level 2.1 Armour
 + Level 2.1 Dodging


You had 2 spell levels left.
You didn't know any spells.
Your spell library was empty.

Dungeon Overview and Level Annotations

Branches:
Dungeon (2/15)

Altars:


Innate Abilities, Weirdness & Mutations

A meltable shield of frost defends you. (SH +4)


Message History

You hit the endoplasm. x2; A nearby fungus withers and dies.
The endoplasm hits you but does no damage.
Unknown command.
You hit the endoplasm but do no damage. The endoplasm hits you.
The endoplasm attacks as you move away! The endoplasm completely misses you.
The endoplasm attacks as you move away! You block the endoplasm's attack.
Things that are here:
a +0 dagger; a kobold corpse The endoplasm attacks as you move away!
The endoplasm hits you but does no damage.
There is an open door here.
You hit the endoplasm.
The endoplasm is heavily wounded.
The endoplasm hits you but does no damage.
You hit the endoplasm.
The endoplasm is severely wounded.
The endoplasm hits you but does no damage.
The endoplasm attacks as you move away!
The endoplasm hits you but does no damage.
There is an open gate here.
You see here a +0 dagger.
Found a stone staircase leading down.
There is a stone staircase leading up here.
The endoplasm jiggles.
The jelly hits you but does no damage.
You climb upwards.
There is a stone staircase leading down here.
Unknown command.
The jelly attacks as you move away! You block the jelly's attack.
You hit the jelly. The acid corrodes you!
Your hands burn!
The jelly is moderately wounded.
The jelly misses you.
You hit the jelly. The acid corrodes you!
Your hands burn!
The jelly is heavily wounded.
The jelly hits you.
You are splashed with acid!
* * * LOW HITPOINT WARNING * * *
The jelly hits you.
* * * LOW HITPOINT WARNING * * *
You are splashed with acid!
You die...

##.### #>......##
...# #.##.##.#
#### #.##.##.#
#.#.#.#.##
#..###...## #.##
##...# #..###...##
#.#.#.#J## ###
#.#..##@# ..#
#.#.###.#
#.########.#.# #.#
...........#.# #.#
......######.# #.#
......######.###.#
÷####............#
.# #.######...###
÷# #....# ###.#


You could see a jelly.

Vanquished Creatures
  A dart slug (D:2)
  A ball python (D:1)
  9 endoplasms
  2 giant cockroaches (D:1)
  A goblin (D:1)
  3 hobgoblins (D:1)
  A quokka (D:1)
  4 bats
  8 kobolds (D:2)
  A rat (D:1)
31 creatures vanquished.

Vanquished Creatures (others)
  4 fungi (D:2)
  6 toadstools (D:2)
10 creatures vanquished.

Grand Total: 41 creatures vanquished

Notes
Turn   | Place    | Note
-------+----------+-------------------------------------------
     0 | D:1      | lyrin the Demonspawn Berserker began the quest for the Orb.
     0 | D:1      | Reached XP level 1. HP: 18/18 MP: 1/1
   453 | D:1      | Gained mutation: A meltable shield of frost defends you.
                  | (SH +4) [demonic ancestry]
   453 | D:1      | Reached XP level 2. HP: 19/24 MP: 2/2
   729 | D:1      | Found a faded altar of an unknown god.
  1497 | D:2      | Reached XP level 3. HP: 29/29 MP: 3/3
  1504 | D:2      | Reached ** piety under Trog
  1608 | D:1      | Splashed by a jelly's acid

Illustrated notes

Levels and vault maps discovered:
D:1:      grunt_arrival_crossed_arrows, layout_loops_ring,
          hellmonk_ecumenical_altar_pennies_from_heaven
D:2:      cheibrodos_fertilizer, layout_basic, minmay_tromino_mix6

Skill      XL: |  1  2 |
---------------+-------+-----
Axes           | 3 |  3.3
Armour         | 2 |  2.1
Dodging        | 2 |  2.1
Fighting       | |  3.3

Action                   || total
-------------------------++-------
Melee: Hand axe          ||    67
       Punch             ||     4
Armor: Scale mail        ||    13
       Animal skin       ||     1
       Quicksilver drago ||    14
Dodge: Dodged            ||    36
Block: Other             ||     8

Table legend: (Time is in decaauts)
 A = Elapsed time spent in this place.
 B = Non-inter-level travel time spent in this place.
 C = Inter-level travel time spent in this place.
 D = Time resting spent in this place.
 E = Time spent auto-exploring this place.
 F = Levels seen in this place.
 G = Mean time per level.
                   A        B        C        D        E       F      G
               +--------+--------+--------+--------+--------+-----+--------+
         Total |   1620 |   1582 |     38 |      0 |   1259 |   2 |  810.0 |
       Dungeon |   1620 |   1582 |     38 |      0 |   1259 |   2 |  810.0 |
               +--------+--------+--------+--------+--------+-----+--------+

Top non-repeatable levels by time:
     D:1: 914 daAuts
     D:2: 705 daAuts
